 Dungeon Crawl Stone Soup version 0.27.1-2-g3b301248ec (webtiles) character file.

Game seed: 11067486827112317707

3383 loralnil the Slicer (level 9, -5/56 HPs)
             Began as a Vampire Brigand on Oct 1, 2021.
             Was an Initiate of Dithmenos.
             Slain by a two-headed ogre (23 damage)
             ... on level 9 of the Dungeon.
             The game lasted 00:17:25 (7818 turns).

loralnil the Slicer (Vampire Brigand)               Turns: 7818, Time: 00:17:25

Health: -5/56      AC:  7    Str: 10    XL:     9   Next: 74%
Magic:  9/9        EV: 16    Int: 14    God:    Dithmenos [......]
Gold:   391        SH:  0    Dex: 18    Spells: 4/8 levels left

rFire    . . .     SeeInvis +   r - +1 dagger (venom)
rCold    + + .     Faith    .   (no shield)
rNeg     + + +     Spirit   .   b - +0 robe
rPois    ∞         Reflect  .   h - +2 helmet
rElec    .         Harm     .   c - +0 cloak
rCorr    .         Rampage  .   g - +0 pair of gloves
Will     .....                  (no boots)
Stlth    ++++++....             (no amulet)
HPRegen  0.00/turn              (no ring)
MPRegen  0.11/turn              (no ring)

@: bloodless, inhibited regen
A: bloodless, fangs 3, see invisible, vampiric 2
a: Bat Form, Revivify, Renounce Religion


You were on level 9 of the Dungeon.
You worshipped Dithmenos.
Dithmenos was noncommittal.
You visited 2 branches of the dungeon, and saw 12 of its levels.

You collected 433 gold pieces.
You spent 42 gold pieces at shops.

Inventory:

Hand Weapons
 a - a +2 dagger
 r - a +1 dagger of venom (weapon)
 G - a +0 dagger of draining
Missiles
 d - 28 poisoned darts (quivered)
 e - 10 curare-tipped darts
 y - a throwing net
Armour
 b - a +0 robe (worn)
 c - a +0 cloak (worn)
 g - a +0 pair of gloves (worn)
 h - a +2 helmet (worn)
 A - +0 steam dragon scales
 C - a +0 buckler
Magical Staves
 E - a staff of death
Wands
 s - a wand of polymorph (6)
 D - a wand of acid (9)
 F - a wand of iceblast (9)
Scrolls
 i - 3 scrolls of fog
 j - 2 scrolls of enchant armour {unknown}
 l - a scroll of summoning {unknown}
 n - 5 scrolls of magic mapping
 p - 6 scrolls of teleportation
 q - 2 scrolls of immolation {unknown}
 u - a scroll of amnesia {unknown}
 w - a scroll of fear {unknown}
 x - a scroll of silence {unknown}
Potions
 f - 3 potions of might
 k - a potion of magic
 m - 3 potions of heal wounds
 o - a potion of degeneration {unknown}
 t - a potion of lignification {unknown}
 v - a potion of curing {unknown}
 z - a potion of mutation {unknown}
 B - 2 potions of attraction {unknown}


   Skills:
 + Level 6.5 Fighting
 - Level 10.0 Short Blades
 - Level 1.5 Throwing
 + Level 7.6 Dodging
 - Level 9.0 Stealth


You had 4 spell levels left.
You knew the following spells:

 Your Spells              Type           Power      Damage    Failure   Level
a - Dispel Undead         Necr           0%         3d6       96%         4

Your spell library contained the following spells:

 Spells                   Type           Power      Damage    Failure   Level
 Animate Skeleton         Necr           0%         N/A       28%         1
 Apportation              Tloc           0%         N/A       28%         1
 Corona                   Hex            0%         N/A       28%         1
 Sting                    Tmut/Pois      0%         1d3       28%         1
 Summon Small Mammal      Summ           0%         N/A       28%         1
 Poisonous Vapours        Pois/Air       0%         N/A       41%         2
 Static Discharge         Conj/Air       0%         N/A       41%         2
 Call Canine Familiar     Summ           0%         N/A       65%         3
 Portal Projectile        Hex/Tloc       0%         N/A       65%         3
 Airstrike                Air            0%         N/A       96%         4
 Leda's Liquefaction      Hex/Erth       0%         N/A       96%         4
 Olgreb's Toxic Radiance  Pois           0%         N/A       96%         4
 Sticky Flame             Conj/Fire      0%         2d3       96%         4
 Summon Lightning Spire   Summ/Air       0%         N/A       96%         4
 Lightning Bolt           Conj/Air       0%         1d11      100%        5


Dungeon Overview and Level Annotations

Branches:
Dungeon (11/15)            Temple (1/1) D:6
   Lair: D:8-11         Orc: D:9-12

Altars:
Cheibriados
Dithmenos
Elyvilon
Fedhas
Hepliaklqana
Qazlal
Trog
Xom
Zin

Shops:
D:3 ?

Annotations:
D:8 Erica
D:10 3 runed translucent doors


Innate Abilities, Weirdness & Mutations

You do not regenerate when monsters are visible.
You are frail without blood (-20% HP).
You can heal yourself when you bite living creatures.
You are immune to poison.
You have razor-sharp teeth.
You have supernaturally acute eyesight. (SInv)
You are afflicted with vampirism and can become a bat while bloodless.


Message History

Dithmenos accepts your kill. The gnoll hits you but does no damage.
The gnoll misses you.
Things that are here:
a +2 dagger of holy wrath; 2 stones You hit the gnoll but do no damage.
You barely miss the gnoll. The gnoll misses you.
You hit the gnoll. You bite the gnoll.
You draw the gnoll's blood!
You feel better.
The gnoll is heavily wounded.
You barely miss the gnoll.
The gnoll is heavily wounded.
The gnoll hits you with a +0 spear.
A two-headed ogre comes into view. It is wielding two +0 giant clubs.
You hit the gnoll but do no damage.
The gnoll is poisoned.
The gnoll is heavily wounded.
You hit the gnoll.
The gnoll looks as sick as possible!
You bite the gnoll.
You draw the gnoll's blood!
You feel better.
The gnoll is severely wounded.
The gnoll barely misses you.
You hit the gnoll.
You kill the gnoll!
Dithmenos accepts your kill.
You see here a +0 spear.
Things that are here:
a +2 dagger of holy wrath; 2 stones You hit the two-headed ogre but do no damage.
You barely miss the two-headed ogre.
The two-headed ogre hits you with a +0 giant club!!
* * * LOW HITPOINT WARNING * * *
The two-headed ogre barely misses you.
You hit the two-headed ogre.
The two-headed ogre is lightly wounded.
You hit the two-headed ogre but do no damage.
You bite the two-headed ogre.
You draw the two-headed ogre's blood!
You feel better.
The two-headed ogre is lightly wounded.
The two-headed ogre closely misses you.
The two-headed ogre hits you with a +0 giant club!!
You die...

#.##.##.#
#...>...#
####.#### #.# #
#.# ########..
#.# #..>....##.#
##.###.#... .. .#
#...##.#.## .#..#
#....)@O..##.#..#
#...##)#.........
######.#.....#.#
#.....).#.#
###.......#
####.#### #...#
#...# #...#


You could see a two-headed ogre.

Vanquished Creatures
  A kobold demonologist (D:11)
  Maggie (D:6)
  2 steam dragons
  2 sky beasts (D:6)
  An orc warrior (D:6)
  4 ice beasts
  2 black bears
  A necrophage (D:5)
  An ogre (D:7)
  A centaur (D:11)
  2 phantoms
  2 kobold brigands (D:11)
  A bullfrog (D:7)
  A scorpion (D:5)
  5 killer bees (D:11)
  2 wights (D:10)
  4 howler monkeys
  3 hounds
  An orc priest (D:4)
  A centaur zombie (D:5)
  2 centaur skeletons
  3 iguanas
  3 orc wizards
  A hound skeleton (D:5)
  10 adders
  5 gnolls
  An ufetubus (D:5)
  5 dart slugs
  25 orcs
  5 endoplasms
  4 giant cockroaches
  8 goblins
  3 hobgoblins
  7 jackals
  13 kobolds
  3 quokkas
  4 ball pythons
  13 bats
  2 frilled lizards
  5 rats
160 creatures vanquished.

Vanquished Creatures (others)
  A plant (D:4)
1 creature vanquished.

Grand Total: 161 creatures vanquished

Notes
Turn   | Place    | Note
-------+----------+-------------------------------------------
     0 | D:1      | loralnil the Vampire Brigand began the quest for the Orb.
     0 | D:1      | Reached XP level 1. HP: 16/16 MP: 1/1
   323 | D:1      | Reached XP level 2. HP: 17/17 MP: 2/2
   848 | D:2      | Reached skill level 3 in Short Blades
   936 | D:2      | You fall into a shaft and drop 1 floor!
   952 | D:3      | Gained mutation: You are afflicted with vampirism and can
                  | become a bat while bloodless. [Vampire growth]
   952 | D:3      | Reached XP level 3. HP: 21/21 MP: 3/3
  1263 | D:3      | Found Mexzeurr's Magic Scroll Shoppe.
  1285 | D:3      | Bought a scroll of magic mapping for 42 gold pieces
  1678 | D:3      | Reached XP level 4. HP: 26/26 MP: 4/4
  1693 | D:3      | Identified the +3 falchion of Meloz {spect, Contam rPois
                  | Int+3 Dex+4}
  1945 | D:4      | Reached skill level 4 in Short Blades
  2396 | D:4      | Reached XP level 5. HP: 27/30 MP: 5/5
  2452 | D:4      | Noticed an ice beast
  2481 | D:4      | Killed an ice beast
  2712 | D:4      | Reached skill level 5 in Short Blades
  2754 | D:4      | Reached XP level 6. HP: 35/35 MP: 6/6
  2787 | D:4      | Learned a level 4 spell: Dispel Undead
  2855 | D:4      | Found a shimmering altar of Xom.
  3054 | D:4      | Reached skill level 6 in Short Blades
  3456 | D:5      | Entered Level 5 of the Dungeon
  3576 | D:5      | Reached XP level 7. HP: 39/39 MP: 7/7
  3680 | D:5      | Reached skill level 7 in Short Blades
  3897 | D:5      | Reached skill level 8 in Short Blades
  4641 | D:6      | Noticed a steam dragon
  4652 | D:6      | Killed a steam dragon
  4653 | D:6      | Reached skill level 9 in Short Blades
  4653 | D:6      | Reached XP level 8. HP: 44/44 MP: 8/8
  4707 | D:6      | Noticed Maggie
  4721 | D:6      | Killed Maggie
  4722 | D:6      | Reached skill level 10 in Short Blades
  4783 | D:6      | Found a snail-covered altar of Cheibriados.
  4792 | D:6      | Found a blossoming altar of Fedhas.
  4810 | D:6      | Found a staircase to the Ecumenical Temple.
  5095 | Temple   | Entered the Ecumenical Temple
  5102 | Temple   | Became a worshipper of Dithmenos the Shadowed
  5685 | D:6      | Reached XP level 9. HP: 9/52 MP: 9/9
  5968 | D:6      | Reached skill level 5 in Dodging
  6565 | D:7      | Reached skill level 5 in Fighting
  6842 | D:8      | Noticed Erica
  6855 | D:8      | You fall into a shaft and drop 3 floors!
  6883 | D:11     | Noticed a kobold demonologist
  6886 | D:11     | Found a gate leading to a gauntlet.
  6974 | D:11     | Killed a kobold demonologist
  7366 | D:11     | Noticed a two-headed ogre
  7434 | D:10     | Entered Level 10 of the Dungeon
  7660 | D:10     | Found a runed translucent gate.
  7660 | D:10     | Found a runed translucent gate.
  7660 | D:10     | Found a runed translucent gate.
  7807 | D:9      | Noticed a two-headed ogre
  7818 | D:9      | Slain by a two-headed ogre

Illustrated notes

Levels and vault maps discovered:
D:1:      dpeg_arrival_tiny_i, layout_loops_ring
D:2:      layout_basic, basic_altar, supply_closet_lemuel
D:3:      minmay_octagon_keep, layout_basic, serial_shops, shop,
          chequers_serial_rivers_room_a, roderic_lattice_a, roderic_batcave
D:4:      layout_basic, mainiacjoe_overflow_tiny_flanked, kennysheep_diamond,
          kennysheep_flooded_box, saegor_snake_ambush
D:5:      layout_loops_cross, elyvilon_altar_5
D:6:      layout_loops_ring, mainiacjoe_overflow_swirl,
          minmay_temple_entry_junction_2, chequers_decorated_corner, uniq_maggie
D:7:      layout_rooms
D:8:      gammafunk_boulding_lane, layout_cave_pools, serial_co_window_serial,
          co_window_corner_a, co_window_corner_a, co_window_corner_a,
          co_window_paths_a, co_window_corner_a, co_window_corner_a,
          co_window_of_opportunity_a, co_window_paths_b, co_window_paths_a,
          co_window_corner_cb, co_window_paths_c, co_window_broadway_b,
          co_window_broadway_b, co_window_corner_cb, co_window_2corner,
          minmay_small_thing, uniq_erica, uniq_harold
D:9:      layout_loops_cross, lightli_minifort
D:10:     layout_irregular_city, david_lair_shrubbed, orc_david_3,
          gammafunk_ghost_ooze
D:11:     layout_basic, gauntlet_entry_generic, kennysheep_generic_room_15
Temple:   compressed_dpeg_circular_temple

Skill      XL: |  1  2  3  4  5  6  7  8  9 |
---------------+----------------------------+-----
Stealth        | 6 7 8 9 |  9.0
Short Blades   | 3 4 5 6 9 10 | 10.0
Fighting       | 4 6 |  6.5
Dodging        | 4 7 |  7.6
Throwing       | |  1.5

Action                   |  1- 3 |  4- 6 |  7- 9 || total
-------------------------+-------+-------+-------++-------
Melee: Dagger            |    84 |   121 |   530 ||   735
       Bite              |     5 |    15 |    63 ||    83
 Abil: Exsanguinate      |     1 |       |       ||     1
  Use: Scroll            |     4 |     1 |     1 ||     6
 Stab: Sleeping          |    28 |    20 |    12 ||    60
       Distracted        |       |     1 |     1 ||     2
Armor: Robe              |    23 |    24 |    94 ||   141
Dodge: Dodged            |    41 |    55 |   221 ||   317
